 Dungeon Crawl Stone Soup version 0.18-a0-142-gfdd910a (webtiles) character file.

231 axujen the Slasher (level 6, 0/47 HPs)
             Began as a Formicid Fighter on Nov 22, 2015.
             Was an Initiate of Okawaru.
             Incinerated by Duffy's ghost (8 damage)
             ... with a sticky flame
             ... on level 4 of the Dungeon.
             The game lasted 00:07:12 (2204 turns).

axujen the Slasher (Formicid Fighter)               Turns: 2204, Time: 00:07:12

Health: 0/47       AC: 11    Str: 20    XL:     6   Next: 24%
Magic:  6/6        EV:  4    Int:  9    God:    Okawaru [......]
Gold:   90         SH:  9    Dex: 11    Spells: 0 memorised, 5 levels left

rFire  . . .     SeeInvis +     a - +0 long sword
rCold  . . .     Clarity  .     p - +0 plate armour
rNeg   . . .     SustAt   .     c - +0 shield
rPois  .         Gourm    .     (helmet unavailable)
rElec  .         Spirit   .     (no cloak)
rCorr  .         Warding  .     (no gloves)
rMut   .         Stasis   +     (no boots)
MR     .....                    (no amulet)
Stlth  ..........               (no ring)
                                (no ring)

@: lethally poisoned (0 -> -4), liquid flames, glowing, not resistant to hostile
enchantments, extremely unstealthy
A: permanent stasis, dig shafts and tunnels, four strong arms, antennae 3
a: Dig, Shaft Self, Renounce Religion


You were on level 4 of the Dungeon.
You worshipped Okawaru.
Okawaru was noncommittal.
You were not hungry.

You visited 1 branch of the dungeon, and saw 4 of its levels.

You collected 90 gold pieces.

Inventory:

Hand Weapons
 a - a +0 long sword (weapon)
Missiles
 x - 52 stones (quivered)
Armour
 c - a +0 shield (worn)
 p - a +0 plate armour (worn)
Scrolls
 h - 2 scrolls of amnesia {unknown}
 k - 4 scrolls of teleportation {unknown}
 l - a scroll of random uselessness {unknown}
 m - 2 scrolls of enchant weapon {unknown}
 r - 2 scrolls of identify {unknown}
 s - a scroll of blinking {unknown}
 u - a scroll of remove curse {unknown}
Potions
 d - 2 potions of might
 f - 2 potions of curing {unknown}
 j - a potion of heal wounds {unknown}
 n - 2 potions of degeneration {unknown}
 o - a potion of cure mutation {unknown}
 q - a potion of brilliance {unknown}
 v - a potion of lignification {unknown}
Comestibles
 e - 4 bread rations
 i - a royal jelly
 t - a chunk of flesh
 w - 2 fruits


   Skills:
 - Level 3.2 Fighting
 + Level 6.1 Long Blades
 - Level 3.2 Armour
 - Level 3.6 Shields


You had 5 spell levels left.
You didn't know any spells.

Dungeon Overview and Level Annotations

Branches:
Dungeon (4/15)
 Temple: D:4-7

Altars:
Ashenzari
Cheibriados
Dithmenos
Elyvilon
Okawaru

Annotations:
D:2 Sigmund
D:4 Duffy's ghost, novice NaFE


Innate Abilities, Weirdness & Mutations

You are under a permanent stasis effect.
You can dig through walls and to a lower floor.
Your four strong arms can wield two-handed weapons with a shield.
You have a pair of large antennae on your head (SInv).


Message History

You extend your mandibles.
You dig through the rock wall.
You are covered in liquid flames!
You feel sick.
Duffy's ghost points at you and mumbles some strange words.
The flame tongue hits you!
You retract your mandibles.
You are covered in liquid flames!
* * * LOW HITPOINT WARNING * * *
You feel sick.
Use which ability? (? or * to list) Are you sure you want to shaft yourself?
You feel quite a bit more hungry.
You are covered in liquid flames!
* * * LOW HITPOINT WARNING * * *
You feel sick.
Duffy's ghost hits you but does no damage.
You begin to dig a shaft.
You continue digging a shaft.
You are covered in liquid flames!
You die...

#........# #....###.# ####.#
#.# ###########.# #.#
#...........# #.#
##.############.## ####
#.#>............## #...
#####.#.####W######..# #...
#.....#.##.a......##.# #...
#.#####.##........##.## #...
#.#......#........##..# #...
#.#.###W.#........###.# #...
#.#.##...#........# #.# #...
#.#...............###.###...
#.#####.....................
#.................###.###...
#########.######### #..##...


You could see Duffy's ghost.

Vanquished Creatures
  The ghost of Duffy the Magician, an amateur HEFE (D:3)
  A scorpion (D:4)
  Natasha (thrice) (D:2)
  3 adders
  An adder skeleton (D:4)
  3 worms (D:3)
  A giant gecko (D:1)
  7 bats
  3 goblins
  5 hobgoblins
  A quokka (D:4)
  A ball python (D:3)
  4 giant cockroaches
  4 jackals (D:2)
  3 kobolds
  3 rats (D:1)
44 creatures vanquished.

Notes
Turn   | Place    | Note
--------------------------------------------------------------
     0 | D:1      | axujen the Formicid Fighter began the quest for the Orb.
     0 | D:1      | Reached XP level 1. HP: 18/18 MP: 1/1
   122 | D:1      | Reached XP level 2. HP: 24/24 MP: 2/2
   649 | D:2      | Reached XP level 3. HP: 29/29 MP: 3/3
   706 | D:2      | Found an iron altar of Okawaru.
   733 | D:2      | Became a worshipper of Warmaster Okawaru
   789 | D:2      | Noticed Sigmund
   937 | D:2      | Found a white marble altar of Elyvilon.
   938 | D:2      | Found a snail-covered altar of Cheibriados.
   946 | D:2      | Noticed Natasha
   966 | D:2      | Killed Natasha
   966 | D:2      | Reached skill level 4 in Long Blades
   966 | D:2      | Reached XP level 4. HP: 26/35 MP: 4/4
   975 | D:2      | Noticed Natasha
   980 | D:2      | Killed Natasha
  1046 | D:2      | Found a shadowy altar of Dithmenos.
  1050 | D:2      | Noticed Natasha
  1066 | D:2      | Killed Natasha
  1257 | D:3      | Noticed Duffy's ghost (amateur HEFE)
  1298 | D:3      | Killed Duffy's ghost
  1298 | D:3      | Reached skill level 5 in Long Blades
  1298 | D:3      | Reached XP level 5. HP: 41/41 MP: 5/5
  1584 | D:3      | Found a shattered altar of Ashenzari.
  1987 | D:4      | Reached skill level 6 in Long Blades
  1987 | D:4      | Reached XP level 6. HP: 43/47 MP: 6/6
  2128 | D:4      | Noticed Duffy's ghost (novice NaFE)
  2204 | D:4      | Incinerated by Duffy's ghost

Vault maps used:
D:1:      dpeg_arrival_tiny_a, interstate_on_off
D:2:      grunt_temple_overflow_open, nicolae_dithmenos_shadow_blocks,
          nicolae_overflow_hidden_temple, first_bread, okawaru_gym_becter,
          uniq_sigmund, uniq_natasha, uniq_iyjb, uniq_crazy_yiuf_cottage
D:3:      cheibrodos_ashenzari_chains
D:4:      kennysheep_vampire_church, uniq_edmund

Action                   |  1- 3 |  4- 6 || total
-------------------------+-------+-------++-------
Melee: Long sword        |    71 |   111 ||   182
 Abil: Dig               |     4 |     2 ||     6
       Shaft Self        |       |     1 ||     1
  Eat: Chunk             |     1 |     5 ||     6
